 Dungeon Crawl Stone Soup version 0.30-b1-2-g02819fbbbe (webtiles) character file.

Game seed: 15475262882600073438

586014 LLlMATKO the Invulnerable (level 26, 0/387 HPs)
             Began as a Minotaur Berserker on June 18, 2023.
             Was a High Priest of Trog.
             Killed from afar by a hell hog (5 damage)
             ... with a fireball
             ... on level 6 of Gehenna on June 19, 2023.
             The game lasted 01:50:36 (84079 turns).

LLlMATKO the Invulnerable (Minotaur Berserker)     Turns: 84079, Time: 01:50:37

Health: 0/387      AC: 38    Str: 32      XL:     26   Next: 7%
Magic:  19/22      EV: 14    Int:  6 (10) God:    Trog [*****.]
Gold:   5902       SH: 28    Dex:  6 (15) Spells: 25/25 levels left

rFire   + + +        o - +4 broad axe of Currency {heavy, rPois Will+++}
rCold   + . .        U - +2 tower shield {rF+}
rNeg    . . .        s - +4 plate armour {rF+}
rPois   +            j - +2 hat
rElec   +            y - scarf "Mebec" {rC+ rF+, Str+3 Slay+6}
rCorr   .            M - +2 pair of gloves "Tuluepp" {rC+ Str-3 Slay+4}
SInv    .            x - +0 pair of boots
Will    +++++        I - amulet of reflection Stlth
                     b - ring "Ezxircho" {rElec rF+ rC- Str+3 Int+6}
HPRegen 0.84/turn    Q - ring "Yterups" {Will+++ AC+4}
MPRegen 0.18/turn

%: reflection
@: berserking, marked, unable to read, very quick
A: horns 2, retaliatory headbutt
}: 3/15 runes: serpentine, barnacled, silver
a: Renounce Religion, Berserk, Trog's Hand, Brothers in Arms


You were on level 6 of Gehenna.
You worshipped Trog.
Trog was extremely pleased with you.
You visited 12 branches of the dungeon, and saw 53 of its levels.
You visited 1 bazaar.
You also visited: Sewer, Ice Cave, Volcano and Wizlab.

You collected 8094 gold pieces.
You spent 2192 gold pieces at shops.

Inventory:

Hand Weapons
 o - the +4 broad axe of Currency (weapon) {heavy, rPois Will+++}
   (Trog gifted it to you on level 1 of the Vaults)

   rPois:     It protects you from poison.
   Will:      It greatly increases your willpower.
 G - the +7 hand axe of the Hidden Spines {flame, rPois rCorr Dex+6 Stlth-}
   (You found it on level 2 of the Shoals)

   Dex:       It affects your dexterity (+6).
   rPois:     It protects you from poison.
   rCorr:     It protects you from acid and corrosion.
   Stlth:     It makes you less stealthy.
 J - a +4 heavy executioner's axe
 V - the +2 broad axe "Newtslayer" {freeze, rElec Will++}
   (You found it on level 11 of the Dungeon)

   rElec:     It insulates you from electricity.
   Will:      It greatly increases your willpower.
 Z - the +27 heavy crossbow "Sniper" {heavy, Acc+∞ SInv}
   (You found it in an ice cave)

   Acc+∞: It never misses its target.
   SInv:      It lets you see invisible.
Missiles
 c - 11 silver javelins (quivered)
 D - a throwing net
 X - 30 javelins
 Y - 8 curare-tipped darts
Armour
 j - a +2 hat (worn)
 s - a +4 plate armour of fire resistance (worn)
 x - a +0 pair of boots (worn)
 y - the scarf "Mebec" (worn) {rC+ rF+, Str+3 Slay+6}
   (You acquired it on level 11 of the Dungeon)

   Str:       It affects your strength (+3).
   Slay:      It affects your accuracy & damage with ranged weapons and melee
   (+6).
 M - the +2 pair of gloves "Tuluepp" (worn) {rC+ Str-3 Slay+4}
   (You acquired it on level 5 of the Vaults)

   Str:       It affects your strength (-3).
   Slay:      It affects your accuracy & damage with ranged weapons and melee
   (+4).
   rC:        It protects you from cold.
 U - a +2 tower shield of fire resistance (worn)
Jewellery
 b - the ring "Ezxircho" (left hand) {rElec rF+ rC- Str+3 Int+6}
   (You found it on level 3 of the Crypt)

   [ring of intelligence]

   Str:       It affects your strength (+3).
   Int:       It affects your intelligence (+6).
   rF:        It protects you from fire.
   rC:        It makes you vulnerable to cold.
   rElec:     It insulates you from electricity.
 d - a ring of flight
 I - an amulet of reflection (around neck)
 L - the amulet of Dissent {Reflect Dex+3 SH+5}
   (You took it off a deep elf death mage on level 5 of the Vaults)

   [amulet of reflection]

   It reflects blocked missile attacks.
   Dex:       It affects your dexterity (+3).
   SH:        It affects your SH (+5).
 Q - the ring "Yterups" (right hand) {Will+++ AC+4}
   (You acquired it on level 4 of the Shoals)

   [ring of protection]

   AC:        It affects your AC (+4).
   Will:      It greatly increases your willpower.
 W - the ring "Retz" {rPois rC+ rN++}
   (You acquired it on level 11 of the Dungeon)

   [ring of protection from cold]

   rC:        It protects you from cold.
   rPois:     It protects you from poison.
   rN:        It greatly protects you from negative energy.
Wands
 e - a wand of polymorph (25)
 w - a wand of digging (3)
 z - a wand of iceblast (54)
 E - a wand of flame (135)
 N - a wand of quicksilver (28)
 R - a wand of mindburst (7)
 T - a wand of charming (48)
Scrolls
 g - 11 scrolls of vulnerability
 h - 34 scrolls of identify
 q - 11 scrolls of enchant armour
 r - 13 scrolls of enchant weapon
 t - 5 scrolls of poison
 u - 7 scrolls of fog
 A - 17 scrolls of teleportation
 F - 7 scrolls of fear
 H - 12 scrolls of blinking
 K - 3 scrolls of silence
 O - 2 scrolls of magic mapping
 P - 3 scrolls of brand weapon
Potions
 a - 5 potions of resistance
 f - 9 potions of brilliance
 i - 35 potions of curing
 k - 5 potions of experience {unknown}
 l - 10 potions of invisibility
 m - 7 potions of might
 n - 12 potions of haste
 p - 14 potions of heal wounds
 v - 11 potions of flight {unknown}
 B - 9 potions of magic
 C - 8 potions of ambrosia


   Skills:
 - Level 25.0 Fighting
 + Level 25.7 Axes
 * Level 13.7 Ranged Weapons
 O Level 27 Armour
 - Level 25.0 Dodging
 + Level 23.3 Shields


You had 25 spell levels left.
You didn't know any spells.
Your spell library was empty.

Dungeon Overview and Level Annotations

Branches:
Dungeon (15/15)            Temple (0/1) D:7            Lair (5/5) D:8
 Shoals (4/4) Lair:2        Snake (4/4) Lair:2        Slime (0/5) Lair:4
    Orc (2/2) D:12            Elf (3/3) Orc:2        Vaults (5/5) D:14
  Crypt (3/3) Vaults:3       Tomb (1/3) Crypt:3 Zot: 998  Depths (4/4) D:15
   Hell (visited)             Dis (0/7) Hell            Geh (6/7) Hell
    Coc (0/7) Hell            Tar (0/7) Hell            Zot (0/5) Depths:4
  Sewer (visited)           IceCv (visited)         Volcano (visited)
 WizLab (visited)

Altars:
Ashenzari
Cheibriados
Dithmenos
Fedhas
Gozag
Kikubaaqudgha
Okawaru
Qazlal
Ru
Trog
Uskayaw
Vehumet
Wu Jian
Yredelemnul
Zin
The Shining One

Shops:
D:8 :[**!   D:9 *   D:11 ?   Orc:2 [::(   Elf:1 *   Elf:2 !   Elf:3 :
Shoals:4 *   Snake:2 ([(   Snake:4 [   Vaults:2 [?*(   Depths:3 (

Portals:
Hell: Depths:1 Depths:2 Depths:3 Depths:4
Abyss: Depths:2 Depths:3 Depths:4
Pandemonium: Depths:2 Depths:3
Ziggurat: Depths:3

Annotations:
D:13 exclusion: ice statue
Geh:3 9 runed translucent doors


Innate Abilities, Weirdness & Mutations

You have a pair of horns on your head.
You reflexively headbutt those who attack you in melee.


Message History

Unknown command.
You slice the tormentor!!
You kill the tormentor!
Trog accepts your kill.
You slice the searing wretch!! You slash the Brimstone Fiend!
Your life force feels restored.
Unknown command.
Unknown command.
You barely miss the searing wretch.
The searing wretch is lightly damaged.
You carve the Brimstone Fiend like a ham!!!
You kill the Brimstone Fiend!
Trog accepts your kill.
You block the searing wretch's attack. x2; The searing wretch bites you!
* * * LOW HITPOINT WARNING * * *
The hell hog breathes fire at you.
The fireball explodes!
The fireball engulfs the searing wretch.
The searing wretch completely resists.
The fireball engulfs you. You resist.
* * * LOW HITPOINT WARNING * * *
You feel the corruption within you wane completely.
You feel more energetic.
You have mastered Armour!
You closely miss the searing wretch.
The searing wretch is lightly damaged.
The searing wretch claws you but does no damage.
The searing wretch barely misses you. You block the searing wretch's attack.
The hellephant breathes flames at you. The blast of flame hits you! You resist.
* * * LOW HITPOINT WARNING * * *
A hell hog comes into view.
You chop the searing wretch into pieces!!!!
You headbutt the searing wretch!
The searing wretch is severely damaged.
The hell hog breathes fire at you.
The fireball explodes!
The fireball engulfs the searing wretch.
The searing wretch completely resists.
The fireball engulfs the hell hog.
The hell hog completely resists.
The fireball engulfs you. You resist.
You die...

#..###...≈≈§§§...
#.......≈≈≈≈§≈...
##......≈≈§§≈§§..
.......≈≈≈§§§§§§.
......Y≈≈≈≈≈≈§§§§
.......≈§≈≈...§§≈
......h.≈........
....h.hhn@§...Y..
.###≈≈≈≈....§≈≈≈.
##§≈≈≈...≈≈≈≈≈
##§≈≈≈..§≈≈≈≈
#§§≈≈...≈≈≈§
#§§≈≈....§≈≈
§§≈§≈≈...≈..
≈....≈§..≈...


You could see 2 hellephants, a searing wretch and 4 hell hogs.

Vanquished Creatures
  A dread lich (Depths:3)
  2 ancient liches
  Mara (Snake:4)
  Parghit (Depths:3)
  Boris (Vaults:2)
  A royal mummy (Tomb:1)
  Sojobo (Vaults:2)
  Vashnia (Snake:2)
  Frederick (Vaults:4)
  Bai Suzhen (Vaults:5)
  2 caustic shrikes (Depths:3)
  Geryon (Hell)
  2 golden dragons
  A bone dragon (Crypt:3)
  Nikola (Snake:3)
  Jory (Vaults:2)
  A Brimstone Fiend (Geh:6)
  A walking crystal tome (Depths:3)
  4 hellephants
  Rupert (Lair:4)
  10 liches
  8 tentacled monstrosities
  Asterion (Elf:1)
  The ghost of decrepitude the Warrior, an adept DjEE of Makhleb (Shoals:4)
  3 deep elf master archers (Elf:3)
  3 deep elf blademasters
  A titan (Vaults:5)
  3 quicksilver dragons
  8 searing wretches
  9 sphinxes
  13 tengu reavers
  10 ancient champions
  8 shadow dragons
  A kraken (Shoals:2)
  4 storm dragons
  The ghost of Vorhees the Eclecticist, an adept DrAE of Vehumet (Snake:2)
  10 frost giants
  13 fire giants
  3 revenants
  9 balrugs
  Ilsuiw (Shoals:3)
  Aizul (Snake:4)
  4 iron dragons
  A draconian shifter (Depths:4)
  6 deep elf sorcerers (Elf:3)
  15 vault wardens
  An iron dragon (shapeshifter) (D:15)
  A draconian stormcaller (Depths:4)
  3 deep elf elementalists (Elf:3)
  3 spriggan defenders (Depths:3)
  7 ghouls
  15 stone giants
  4 curse skulls
  7 ironbound thunderhulks
  17 ironbound preservers
  3 orc warlords
  23 very ugly things
  A green draconian (Depths:4)
  2 reapers (Hell)
  5 war gargoyles
  8 vampire knights
  The ghost of Fifowuza the Grappler, a journeyman DrTm of Wu Jian (Lair:4)
  A black draconian (Depths:4)
  10 deep elf annihilators
  A red draconian (Depths:4)
  7 deep elf demonologists
  11 dire elephants
  A lorocyproca (Depths:2)
  7 spark wasps
  4 bennus (Tomb:1)
  A halazid warlock (Hell)
  A yellow draconian (Depths:4)
  8 deep elf death magi
  4 eidola
  8 merfolk javelineers
  2 crystal guardians
  Snorg (Orc:2)
  6 statues (Depths:2)
  5 ettins
  An acid blob zombie (Crypt:1)
  Josephine (D:10)
  3 fire dragons (Depths:4)
  9 merfolk impalers
  6 deep elf high priests
  2 blizzard demons (Hell)
  3 entropy weavers
  3 mummy priests (Tomb:1)
  7 jiangshi
  14 yaktaur captains
  4 great orbs of eyes
  15 salamander tyrants
  2 peacekeepers
  10 ice dragons
  Erolcha (D:11)
  32 vault guards
  6 hydras
  18 anacondas
  5 ogre magi
  10 two-headed ogres
  A spriggan skeleton (Tomb:1)
  3 rakshasas
  8 merfolk avatars
  13 centaur warriors
  7 merfolk aquamancers (Shoals:4)
  A stoker (Geh:5)
  A death knight (D:14)
  2 satyrs
  2 boulder beetles
  9 spriggan air magi
  5 deep troll shamans
  6 ironbound frosthearts
  8 tengu warriors
  A two-headed ogre (shapeshifter) (Vaults:5)
  4 alligator snapping turtles (Shoals:4)
  21 death scarabs (Tomb:1)
  20 dancing weapons
  8 deep troll earth magi
  9 vampire magi
  An orc high priest (Elf:2)
  33 hell hogs
  17 naga warriors
  3 death yaks (Lair:5)
  Sonja (Lair:3)
  6 shock serpents
  6 soul eaters
  14 deep elf knights
  5 spriggan berserkers (Depths:3)
  14 naga sharpshooters
  A fire crab (shapeshifter) (D:14)
  6 skysharks
  Urug (Orc:2)
  10 hell knights
  7 sun demons
  9 iron trolls
  6 salamander mystics
  3 shadow wraiths
  Lodul (D:11)
  45 skeletal warriors
  7 flayed ghosts
  8 sea snakes
  2 sixfirhies
  2 shadow demons (Hell)
  A storm dragon skeleton (Hell)
  5 bog bodies
  10 deep elf archers
  55 deep trolls
  5 lindwurms
  A glowing orange brain (D:15)
  13 phantasmal warriors
  An obsidian statue (Shoals:4)
  7 naga ritualists
  19 harpies
  16 orc knights
  Pikel (D:6)
  20 ironbound convokers
  8 necromancers
  A spriggan simulacrum (Hell)
  A harpy (shapeshifter) (Depths:2)
  12 wizards
  A wolf spider zombie (Crypt:2)
  22 deep elf zephyrmancers
  A tengu skeleton (Vaults:3)
  3 orc sorcerers
  A human zombie (Vaults:2)
  32 deep elf pyromancers
  20 mana vipers
  40 ugly things
  A wolf spider (D:15)
  A frost giant zombie (Vaults:3)
  9 cyclopes
  22 manticores
  An iron dragon skeleton (Hell)
  24 salamanders
  A salamander (shapeshifter) (Vaults:5)
  10 fauns
  A mana viper (shapeshifter) (Depths:3)
  A stone giant zombie (Vaults:2)
  A frost giant skeleton (Crypt:1)
  6 rust devils
  13 guardian serpents
  An ice statue (IceCv)
  9 elephants (Lair:5)
  19 vault sentinels
  3 gargoyles
  15 naga magi
  8 cane toads
  11 merfolk sirens
  40 black mambas
  6 water nymphs
  2 naga skeletons
  2 smoke demons (Hell)
  An orange demon (Depths:2)
  6 hellions
  5 molten gargoyles (Hell)
  Maggie (D:9)
  3 kobold demonologists (D:13)
  17 rime drakes
  8 komodo dragons
  An anaconda simulacrum (IceCv)
  7 tengu conjurers
  2 yaktaurs (shapeshifter)
  2 ice devils (Hell)
  An efreet (D:15)
  An alligator snapping turtle skeleton (Hell)
  8 tormentors
  19 guardian mummies
  A purple draconian zombie (Crypt:1)
  6 freezing wraiths
  A yaktaur skeleton (Vaults:3)
  An iron troll zombie (Crypt:3)
  32 yaktaurs
  3 red devils
  A black draconian skeleton (Crypt:3)
  24 merfolk
  9 trolls
  A meliai (shapeshifter) (Vaults:5)
  2 wind drakes
  6 polar bears
  7 hornets
  A jumping spider zombie (Crypt:1)
  8 blink frogs
  A harpy skeleton (Hell)
  A culicivora (Vaults:2)
  13 snapping turtles
  A centaur simulacrum (D:11)
  42 slime creatures
  13 flying skulls
  4 shadows
  4 ushabtiu (Tomb:1)
  An orc simulacrum (Hell)
  20 water elementals
  12 wraiths
  15 wyverns
  An ettin skeleton (Vaults:2)
  A dire elephant simulacrum (Hell)
  Grum (D:8)
  A fire elemental (Elf:1)
  45 yaks
  7 basilisks
  A yaktaur simulacrum (Vaults:2)
  A black mamba skeleton (Hell)
  A chaos spawn (Depths:2)
  A redback (shapeshifter) (Vaults:5)
  6 steam dragons
  Menkaure (D:6)
  A two-headed ogre zombie (D:12)
  A death yak simulacrum (IceCv)
  10 vampire mosquitoes
  A glowing shapeshifter zombie (Vaults:3)
  Edmund (D:5)
  7 wargs
  8 redbacks
  A swamp worm (shapeshifter) (Vaults:5)
  2 acid dragons
  45 nagas
  A cane toad zombie (Crypt:1)
  6 hell hounds
  10 water moccasins
  A deep troll skeleton (Crypt:3)
  Duvessa (D:6)
  A merfolk skeleton (Crypt:1)
  48 orc warriors
  2 sky beasts (D:7)
  2 black bears
  A hornet zombie (Crypt:2)
  A snapping turtle zombie (Crypt:3)
  24 ogres
  23 centaurs
  A hog zombie (Crypt:1)
  17 wolves
  An elf simulacrum (Vaults:3)
  2 lemures (D:6)
  A phantom (D:12)
  3 kobold brigands
  2 gnoll sergeants
  14 bullfrogs
  2 earth elementals
  3 necrophages (Crypt:2)
  2 cane toad simulacra (Lair:5)
  5 wights (D:8)
  Dowan (D:6)
  3 troll zombies (D:12)
  A raiju zombie (Crypt:1)
  2 elephant simulacra
  5 killer bees (Lair:4)
  A yak skeleton (Crypt:3)
  2 electric eels (D:8)
  3 howler monkeys
  A bullfrog zombie (Crypt:2)
  5 hounds
  2 jellies
  18 orc priests
  2 gnoll boudas
  7 iguanas
  27 orc wizards
  9 hell rats
  2 boggart skeletons (Crypt:2)
  2 wolf simulacra (Lair:5)
  An acid dragon zombie (Crypt:2)
  4 ogre zombies (D:12)
  A deep dwarf skeleton (Crypt:1)
  18 mummies
  Robin (D:4)
  13 gnolls
  7 adders
  4 river rats (Sewer)
  2 shadow imps
  An ufetubus (D:7)
  An adder zombie (Crypt:2)
  A lava snake skeleton (Crypt:1)
  3 dart slugs
  91 orcs
  6 bats
  3 endoplasms
  3 giant cockroaches
  14 goblins
  10 hobgoblins
  2 quokkas
  21 ball pythons
  13 frilled lizards
  A frilled lizard skeleton (Crypt:3)
  2 goblin zombies (D:12)
  A hobgoblin skeleton (D:12)
  3 hobgoblin zombies (D:12)
  22 kobolds
  3 orc skeletons (D:12)
  16 orc zombies (D:12)
  A quokka skeleton (Crypt:1)
  49 rats
  A rat skeleton (Crypt:2)
  A bush (Lair:5)
  3 creeping infernos
  16 fire vortices
  A spectral weapon (Elf:1)
  A tentacle (Shoals:2)
2408 creatures vanquished.

Vanquished Creatures (collateral kills)
  Head Instructor (WizLab)
  The ghost of Jetyrhek the Devastator, a veteran GrEE of Lugonu (Crypt:1)
  A frost giant (Vaults:5)
  A shadow dragon (Depths:3)
  2 vault wardens
  An ironbound preserver (Vaults:4)
  The ghost of darkwiz the Blocker, a journeyman DsCK of Xom (Snake:2)
  3 vampire knights
  A very ugly thing (Vaults:1)
  A dire elephant (Vaults:1)
  A minotaur (D:12)
  The ghost of Borgoz the Fighter, a journeyman GrBe of Trog (D:12)
  A boulder beetle (D:9)
  A vampire mage (Crypt:1)
  A deep troll (Vaults:4)
  A sea snake (Shoals:4)
  A harpy (Shoals:4)
  A phantasmal warrior (Vaults:5)
  An ice statue (IceCv)
  A gargoyle (D:12)
  A yaktaur (Vaults:4)
  A queen bee (Lair:4)
  A merfolk (Shoals:4)
  A wind drake (Shoals:4)
  A snapping turtle (Shoals:4)
  A yak (D:12)
  An orc warrior (Orc:2)
  A killer bee (Lair:4)
  An orc wizard (Orc:2)
  2 orcs (Orc:2)
34 creatures vanquished.

Vanquished Creatures (others)
  A fire giant (Geh:3)
  A merfolk impaler (Shoals:4)
  A spriggan zombie (Hell)
  2 shadow wraiths (Hell)
  A wizard (Vaults:1)
  A mana viper (Snake:3)
  A salamander (Snake:2)
  A hellion (Geh:2)
  A merfolk (Shoals:4)
  A yak (D:8)
  A naga (Snake:3)
  4 orc warriors
  2 orcs (D:7)
  7 creeping infernos (Geh:3)
  A fire vortex (Geh:1)
  32 fungi
  2 lurking horrors (Geh:3)
  134 plants
  4 tentacles (Shoals:2)
  5 withered plants (Snake:2)
203 creatures vanquished.

Grand Total: 2645 creatures vanquished

Notes
Turn   | Place    | Note
-------+----------+-------------------------------------------
     0 | D:1      | LLlMATKO the Minotaur Berserker began the quest for the
                  | Orb.
     0 | D:1      | Reached XP level 1. HP: 19/19 MP: 0/0
   244 | D:1      | Reached XP level 2. HP: 27/27 MP: 1/1
  1026 | D:2      | Reached ** piety under Trog
  1027 | D:2      | Reached skill level 3 in Armour
  1027 | D:2      | Reached XP level 3. HP: 21/33 MP: 2/2
  1446 | D:2      | Found a faded altar of an unknown god.
  1664 | D:3      | Reached XP level 4. HP: 40/40 MP: 3/3
  1833 | D:3      | Found a glowing golden altar of the Shining One.
  1859 | D:3      | Found a glowing drain.
  1872 | Sewer    | Entered a sewer
  1934 | Sewer    | Reached XP level 5. HP: 47/47 MP: 4/4
  1976 | Sewer    | Reached *** piety under Trog
  2116 | Sewer    | Reached skill level 4 in Armour
  2183 | Sewer    | Reached skill level 5 in Fighting
  2183 | Sewer    | Reached skill level 5 in Axes
  2194 | Sewer    | Reached XP level 6. HP: 41/56 MP: 5/5
  2570 | D:3      | Reached **** piety under Trog
  2802 | D:4      | Reached skill level 5 in Armour
  2808 | D:4      | Noticed Robin
  2819 | D:4      | Reached XP level 7. HP: 60/62 MP: 6/6
  2821 | D:4      | Killed Robin
  3352 | D:5      | Entered Level 5 of the Dungeon
  3392 | D:5      | Found a glowing silver altar of Zin.
  3471 | D:5      | Reached skill level 5 in Dodging
  3965 | D:5      | Noticed Edmund
  3975 | D:5      | Killed Edmund
  3976 | D:5      | Reached skill level 6 in Armour
  3976 | D:5      | Reached XP level 8. HP: 52/71 MP: 7/7
  4340 | D:6      | Reached ***** piety under Trog
  4387 | D:6      | Found a basalt altar of Yredelemnul.
  4388 | D:6      | Noticed Pikel
  4397 | D:6      | Killed Pikel
  4398 | D:6      | Reached skill level 7 in Armour
  4452 | D:6      | Found an iron altar of Okawaru.
  4466 | D:6      | Noticed Duvessa
  4467 | D:6      | Noticed Dowan
  4472 | D:6      | Killed Duvessa
  4473 | D:6      | Reached XP level 9. HP: 81/81 MP: 8/8
  4476 | D:6      | Killed Dowan
  4564 | D:6      | Found a snail-covered altar of Cheibriados.
  4666 | D:6      | Noticed Menkaure
  4676 | D:6      | Killed Menkaure
  4872 | D:6      | Found an ancient bone altar of Kikubaaqudgha.
  5122 | D:7      | Found a staircase to the Ecumenical Temple.
  5161 | D:7      | Reached skill level 8 in Armour
  5381 | D:7      | Found a radiant altar of Vehumet.
  5460 | D:7      | Found a stormy altar of Qazlal.
  5989 | D:7      | Found a radiant altar of Vehumet.
  6052 | D:7      | Found a stormy altar of Qazlal.
  6085 | D:7      | Found a staircase to the Ecumenical Temple.
  6518 | D:8      | Noticed Grum
  6531 | D:8      | Killed Grum
  6753 | D:8      | Reached skill level 9 in Armour
  6753 | D:8      | Reached XP level 10. HP: 87/91 MP: 9/9
  6771 | D:8      | Received a gift from Trog
  7133 | D:8      | Found Jauts's Distillery.
  7136 | D:8      | Found Ecyr's Assorted Antiques.
  7139 | D:8      | Found Folletir's General Store.
  7144 | D:8      | Reached skill level 10 in Fighting
  7145 | D:8      | Reached skill level 10 in Axes
  7383 | D:8      | Found Dopn's Armour Boutique.
  7389 | D:8      | Found Hijed's Book Shoppe.
  7442 | D:8      | Reached skill level 10 in Armour
  7513 | D:8      | Found a staircase to the Lair.
  7667 | D:8      | Found a sacrificial altar of Ru.
  7732 | D:8      | Found Hijed's Book Shoppe.
  7732 | D:8      | Found Folletir's General Store.
  7740 | D:8      | Found Jauts's Distillery.
  7740 | D:8      | Found Dopn's Armour Boutique.
  7740 | D:8      | Found Ecyr's Assorted Antiques.
  7859 | D:8      | Found a staircase to the Lair.
  8407 | D:9      | Paralysed by a hornet for 3 turns
  8521 | D:9      | Noticed a boulder beetle
  8541 | D:9      | Killed a boulder beetle
  8614 | D:9      | Reached XP level 11. HP: 95/101 MP: 10/10
  8833 | D:9      | Noticed Maggie
  8839 | D:9      | Killed Maggie
  9095 | D:9      | Found a shadowy altar of Dithmenos.
  9212 | D:9      | Found Deoradoh's Assorted Antiques.
  9362 | D:10     | Entered Level 10 of the Dungeon
  9406 | D:10     | Reached skill level 10 in Dodging
  9571 | D:10     | Reached skill level 11 in Armour
  9602 | D:10     | Noticed Josephine
  9610 | D:10     | Killed Josephine
  9924 | D:10     | Found a blossoming altar of Fedhas.
 10118 | D:11     | Noticed a boulder beetle
 10125 | D:11     | Killed a boulder beetle
 10243 | D:11     | You fall into a shaft and drop 2 floors!
 10411 | D:12     | Found a staircase to the Orcish Mines.
 10799 | D:12     | Found a hide-covered altar of Uskayaw.
 10821 | D:12     | Noticed Borgoz's ghost (journeyman GrBe)
 10823 | D:12     | Noticed a minotaur
 10824 | D:12     | Noticed an ogre mage
 10825 | D:12     | Noticed a green ugly thing
 10841 | D:12     | Reached skill level 12 in Armour
 10851 | D:12     | Reached XP level 12. HP: 75/113 MP: 11/11
 10951 | D:12     | Found a runed translucent gate.
 10951 | D:12     | Found a runed translucent gate.
 10951 | D:12     | Found a runed translucent gate.
 11106 | D:11     | Got the +2 broad axe "Newtslayer" {freeze, rElec Will++}
 11146 | D:11     | Noticed Erolcha
 11157 | D:11     | Killed Erolcha
 11158 | D:11     | Reached skill level 1 in Shields
 11216 | D:11     | Found Zeclouvi's Magic Scroll Boutique.
 11224 | D:11     | Bought a scroll of acquirement for 780 gold pieces
 11224 | D:11     | Acquired the ring "Retz" {rPois rC+ rN++}
 11228 | D:11     | Acquired a manual of Armour
 11229 | D:11     | Acquired the scarf "Mebec" {rC+ rF+, Str+3 Slay+6}
 11324 | D:11     | Noticed a two-headed ogre
 11329 | D:11     | Killed a two-headed ogre
 11603 | D:11     | Found a bloodstained altar of Trog.
 11713 | D:11     | Noticed Lodul
 11723 | D:11     | Received a gift from Trog
 11725 | D:11     | Killed Lodul
 11966 | D:12     | Reached skill level 13 in Armour
 12433 | D:12     | Found a staircase to the Orcish Mines.
 12829 | D:12     | Found a hide-covered altar of Uskayaw.
 12938 | D:12     | Killed an ogre mage
 12947 | D:12     | Killed Borgoz's ghost
 12948 | D:12     | Killed a minotaur
 13167 | D:13     | Reached skill level 14 in Armour
 13167 | D:13     | Reached skill level 5 in Shields
 13213 | D:13     | Reached XP level 13. HP: 116/122 MP: 12/12
 13375 | D:13     | Identified the +6 chain mail of Guituan {rPois rN+ Str+2}
 14480 | Lair:1   | Entered Level 1 of the Lair of Beasts
 14501 | Lair:1   | Found a basalt altar of Yredelemnul.
 14532 | Lair:1   | Reached skill level 15 in Armour
 15433 | Lair:2   | Found a staircase to the Shoals.
 15439 | Lair:2   | Received a gift from Trog
 15577 | Lair:2   | Found a staircase to the Snake Pit.
 16388 | Lair:3   | Noticed Sonja
 16395 | Lair:3   | Killed Sonja
 16564 | Lair:3   | Reached skill level 16 in Armour
 16929 | Lair:4   | Found a staircase to the Slime Pits.
 16959 | Lair:4   | Found a dark tunnel.
 16969 | Volcano  | Entered a volcano
 17064 | Volcano  | Reached XP level 14. HP: 133/133 MP: 13/13
 17794 | Lair:4   | Found a transporter.
 17797 | Lair:4   | Noticed Fifowuza's ghost (journeyman DrTm)
 17799 | Lair:4   | Found a transporter.
 17989 | Lair:4   | Noticed Rupert
 17997 | Lair:4   | Paralysed by Rupert for 3 turns
 18008 | Lair:4   | Killed Rupert
 18462 | Lair:4   | Killed Fifowuza's ghost
 18518 | Lair:5   | Entered Level 5 of the Lair of Beasts
 18522 | Lair:5   | Reached skill level 15 in Fighting
 18529 | Lair:5   | Reached skill level 15 in Axes
 18548 | Lair:5   | Reached skill level 17 in Armour
 18561 | Lair:5   | Found a frozen archway.
 18601 | IceCv    | Entered an ice cave
 18755 | IceCv    | Found a transporter.
 18760 | IceCv    | Found the +27 heavy crossbow "Sniper" {heavy, Acc+∞ SInv}
 18763 | IceCv    | Found a transporter.
 19412 | Lair:5   | Found the +7 captain's cutlass {speed, disarm}
 19421 | Lair:5   | Identified the +5 hand axe "Veodics" {freeze, Str+3 Dex+5}
 19454 | Lair:5   | Reached skill level 18 in Armour
 19467 | Lair:5   | Received a gift from Trog
 19574 | Lair:5   | Reached skill level 10 in Shields
 19588 | Lair:5   | Reached XP level 15. HP: 111/143 MP: 14/14
 22096 | D:14     | Found a gate to the Vaults.
 22258 | D:14     | Found a sacrificial altar of Ru.
 22509 | D:15     | Entered Level 15 of the Dungeon
 22514 | D:15     | Received a gift from Trog
 22671 | D:15     | Reached ****** piety under Trog
 23128 | D:15     | Reached skill level 15 in Dodging
 23641 | D:15     | Found a staircase to the Depths.
 23823 | D:15     | Found an iron altar of Okawaru.
 24120 | Orc:1    | Entered Level 1 of the Orcish Mines
 24335 | Orc:2    | Entered Level 2 of the Orcish Mines
 24349 | Orc:1    | Received a gift from Trog
 24359 | Orc:1    | Reached skill level 19 in Armour
 24612 | Orc:2    | Noticed Snorg
 24626 | Orc:2    | Killed Snorg
 24846 | Orc:2    | Found a staircase to the Elven Halls.
 24881 | Orc:2    | Noticed Urug
 24889 | Orc:2    | Killed Urug
 24982 | Orc:2    | Paralysed by an orc sorcerer for 3 turns
 24988 | Orc:2    | Reached XP level 16. HP: 133/154 MP: 15/15
 25087 | Orc:2    | Identified the +7 hand axe of Vengeance {flame, Fly rN+}
                  | (Trog gifted it to you on level 2 of the Orcish Mines)
 25087 | Orc:2    | Received a gift from Trog
 25322 | Orc:2    | Found Zoudd's Antique Armour Shop.
 25332 | Orc:2    | Found Icol's Book Shoppe.
 25438 | Orc:2    | Found Piuph's Book Shop.
 25477 | Orc:2    | Found Lysun's Weapon Shoppe.
 25745 | Orc:2    | Found a staircase to the Elven Halls.
 25940 | Orc:2    | Found Icol's Book Shoppe.
 25940 | Orc:2    | Found Zoudd's Antique Armour Shop.
 25998 | Orc:2    | Found Lysun's Weapon Shoppe.
 25998 | Orc:2    | Found Piuph's Book Shop.
 26463 | Shoals:1 | Entered Level 1 of the Shoals
 26618 | Shoals:1 | Reached skill level 1 in Ranged Weapons
 27641 | Shoals:2 | Identified the +7 hand axe of the Hidden Spines {flame,
                  | rPois rCorr Dex+6 Stlth-}
 27673 | Shoals:2 | Noticed a kraken
 27832 | Shoals:2 | Killed a kraken
 28869 | Shoals:3 | Received a gift from Trog
 29610 | Shoals:3 | Noticed Ilsuiw
 29630 | Shoals:3 | Killed Ilsuiw
 30260 | Shoals:4 | Entered Level 4 of the Shoals
 30578 | Shoals:4 | Reached XP level 17. HP: 119/163 MP: 16/16
 30767 | Shoals:4 | Reached skill level 5 in Ranged Weapons
 30798 | Shoals:4 | Received a gift from Trog
 31493 | Shoals:4 | Reached skill level 20 in Armour
 32358 | Shoals:4 | Found a runed translucent gate.
 32358 | Shoals:4 | Found a runed translucent gate.
 32358 | Shoals:4 | Found a runed translucent gate.
 32359 | Shoals:4 | Found an opulent altar of Gozag.
 32359 | Shoals:4 | Noticed decrepitude's ghost (adept DjEE)
 32362 | Shoals:4 | Found Idiaph's Assorted Antiques.
 32732 | Shoals:4 | Got a barnacled rune of Zot
 32885 | Shoals:4 | Identified the staff of cold "Kyenak" {rC+ rN+ Will- Str+2}
 33121 | Shoals:4 | Killed decrepitude's ghost
 33162 | Shoals:4 | Acquired the ring "Yterups" {Will+++ AC+4}
 33471 | Elf:1    | Entered Level 1 of the Elven Halls
 33501 | Elf:1    | Noticed Asterion
 33513 | Elf:1    | Killed Asterion
 33518 | Elf:1    | Received a gift from Trog
 34194 | Elf:1    | Found Puont's Assorted Antiques.
 35009 | Elf:2    | Found Doll's Distillery.
 35059 | Elf:2    | Found a runed translucent gate.
 35060 | Elf:2    | Found a runed translucent gate.
 35061 | Elf:2    | Found a runed translucent gate.
 35221 | Elf:2    | Reached XP level 18. HP: 154/173 MP: 17/17
 35522 | Elf:2    | Received a gift from Trog
 35809 | Snake:1  | Entered Level 1 of the Snake Pit
 36806 | Snake:2  | Found Jyebuj's Weapon Shop.
 37126 | Snake:2  | Found a gateway to a bazaar.
 37177 | Snake:2  | Noticed Vashnia
 37248 | Snake:2  | Killed Vashnia
 37413 | Snake:2  | Found a runed translucent gate.
 37415 | Snake:2  | Found a runed translucent gate.
 37416 | Snake:2  | Found a runed translucent gate.
 37417 | Snake:2  | Noticed darkwiz's ghost (journeyman DsCK)
 37417 | Snake:2  | Noticed Vorhees's ghost (adept DrAE)
 37482 | Snake:2  | Found Lute's Antique Armour Boutique.
 37582 | Snake:2  | Found Edot's Weapon Emporium.
 37887 | Snake:2  | Received a gift from Trog
 38090 | Snake:2  | Killed Vorhees's ghost
 38092 | Snake:2  | Killed darkwiz's ghost
 38248 | Bazaar   | Entered a bazaar
 38252 | Bazaar   | Found Lewixiri's Jewellery Boutique.
 38274 | Bazaar   | Found Iruzupn's Antique Weapon Emporium.
 38295 | Bazaar   | Found Nyimu's Book Boutique.
 38315 | Bazaar   | Found Umail's Magic Scroll Shoppe.
 38321 | Bazaar   | Bought a scroll of magic mapping for 52 gold pieces
 38555 | Snake:3  | Reached skill level 15 in Shields
 38673 | Snake:3  | Noticed Nikola
 38682 | Snake:3  | Killed Nikola
 38683 | Snake:3  | Reached skill level 21 in Armour
 39224 | Snake:3  | Received a gift from Trog
 39637 | Snake:4  | Entered Level 4 of the Snake Pit
 39698 | Snake:4  | Noticed Mara
 39798 | Snake:4  | Noticed LLlMATKO's illusion
 39806 | Snake:4  | Killed Mara
 39907 | Snake:4  | Found Vyvaevall's Antique Armour Shoppe.
 40117 | Snake:4  | Reached XP level 19. HP: 173/183 MP: 18/18
 40123 | Snake:4  | Noticed Aizul
 40136 | Snake:4  | Killed Aizul
 41829 | Snake:4  | Received a gift from Trog
 41830 | Snake:4  | Reached skill level 10 in Ranged Weapons
 42494 | Snake:4  | Identified the +2 rapier "Wanoshicro" {freeze, rF+ rC+
                  | Will-}
 42499 | Snake:4  | Got a serpentine rune of Zot
 43478 | Snake:4  | Found Vyvaevall's Antique Armour Shoppe.
 43974 | Vaults:1 | Entered Level 1 of the Vaults
 44160 | Vaults:1 | Identified the +4 broad axe of Currency {heavy, rPois
                  | Will+++} (Trog gifted it to you on level 1 of the Vaults)
 44160 | Vaults:1 | Received a gift from Trog
 44410 | Vaults:1 | Reached XP level 20. HP: 103/193 MP: 19/19
 44414 | Vaults:1 | Reached skill level 22 in Armour
 44424 | Vaults:1 | Received a gift from Trog
 45663 | Vaults:2 | Identified the +5 ring mail "Zitaodom" {rC+ Slay+2}
 45765 | Vaults:2 | Found Tyit's Magic Scroll Boutique.
 45767 | Vaults:2 | Found Laobraog's General Store.
 45849 | Vaults:2 | Received a gift from Trog
 45959 | Vaults:2 | Found Doatir's Assorted Antiques.
 46025 | Vaults:2 | Noticed Boris
 46027 | Vaults:2 | Noticed Jory
 46033 | Vaults:2 | Killed Boris
 46042 | Vaults:2 | Killed Jory
 46197 | Vaults:2 | Noticed Sojobo
 46200 | Vaults:2 | Killed Sojobo
 46251 | Vaults:2 | Found Mofuogi's Weapon Shop.
 46279 | Vaults:2 | Found Faloduym's Armour Shoppe.
 47484 | Vaults:3 | Received a gift from Trog
 47514 | Vaults:3 | Found a staircase to the Crypt.
 47737 | Vaults:3 | Found Daijeghuu's Antique Weapon Shoppe.
 48121 | Vaults:4 | Reached XP level 21. HP: 197/204 MP: 20/20
 48534 | Vaults:4 | Received a gift from Trog
 48724 | Vaults:4 | Reached skill level 23 in Armour
 48728 | Vaults:4 | Noticed Frederick
 48738 | Vaults:4 | Killed Frederick
 49778 | Elf:2    | Received a gift from Trog
 50792 | Elf:3    | Entered Level 3 of the Elven Halls
 51143 | Elf:3    | Found Piedwip's Book Shoppe.
 51152 | Elf:3    | Bought a manual of Dodging for 1360 gold pieces
 52223 | Elf:3    | Identified the amulet "Nisch" {Spirit Str+5 Slay-3}
 52227 | Elf:3    | Identified the +3 plate armour of a treasure trove {Contam
                  | rCorr Stlth+}
 52229 | Elf:3    | Identified the +1 scimitar of Maej Jargh {drain, rCorr
                  | Int+3 SInv}
 52256 | Elf:3    | Received a gift from Trog
 52641 | Elf:3    | Identified the +6 broad axe of Zuezoz {chaos, rC+ Str+3
                  | Dex-2}
 53489 | Elf:3    | Identified the +6 quarterstaff of Majestic Valour
                  | {antimagic, *Corrode rPois rN+ Int+4}
 54076 | Elf:3    | Identified the staff of cold "Qisyir" {rElec rC+ rCorr}
 54479 | Vaults:5 | Entered Level 5 of the Vaults
 54484 | Vaults:5 | Noticed Bai Suzhen
 54491 | Vaults:4 | Reached XP level 22. HP: 135/215 MP: 21/21
 54700 | Vaults:5 | Noticed a golden dragon
 54710 | Vaults:5 | Killed Bai Suzhen
 54711 | Vaults:5 | Identified the +7 demon trident of the Shouting Sybil
                  | {flame, rF+ Str+5 Dex-4 SInv}
 54713 | Vaults:5 | Received a gift from Trog
 54716 | Vaults:5 | Killed a golden dragon
 54719 | Vaults:5 | Noticed a golden dragon
 54731 | Vaults:4 | Killed a golden dragon
 55212 | Vaults:5 | Reached skill level 24 in Armour
 55789 | Vaults:5 | Received a gift from Trog
 56056 | Vaults:5 | Identified the amulet of Dissent {Reflect Dex+3 SH+5}
 56135 | Vaults:5 | Identified the +1 short sword "Dumpedgh" {drain, Will+
                  | Str+4}
 56154 | Vaults:5 | Identified the staff of fire "Jiafiom" {rF+ rC+}
 56417 | Vaults:5 | Acquired the +2 pair of gloves "Tuluepp" {rC+ Str-3 Slay+4}
 56937 | Vaults:5 | Got a silver rune of Zot
 57144 | Vaults:5 | Identified the +1 helmet of Makhleb's Whim {rF++ rN+ Int+3
                  | Dex-2}
 57484 | Vaults:5 | Identified the staff of cold "Zoykh" {rF- rC+ Str+8 Int-2
                  | Stlth+}
 58863 | D:15     | Found a staircase to the Depths.
 58895 | D:15     | Found an iron altar of Okawaru.
 59030 | Depths:1 | Entered Level 1 of the Depths
 59057 | Depths:1 | Found a shadowy altar of Dithmenos.
 59176 | Depths:1 | Received a gift from Trog
 59253 | Depths:1 | Reached XP level 23. HP: 213/226 MP: 22/22
 59432 | Depths:1 | Found a gateway to Hell.
 60250 | Depths:2 | Found a one-way gate leading to the halls of Pandemonium.
 60336 | Depths:2 | Found a one-way gate to the infinite horrors of the Abyss.
 60382 | Depths:2 | Found a magical portal.
 60389 | WizLab   | Entered Yara's Duelist Academy
 60569 | WizLab   | Noticed Geenarojex
 60579 | WizLab   | Killed Geenarojex the Head Instructor
 61194 | Depths:2 | Found a broken altar of Ashenzari.
 61323 | Depths:2 | Received a gift from Trog
 61440 | Depths:2 | Noticed an ancient lich
 61542 | Depths:2 | Found a radiant altar of Vehumet.
 61596 | Depths:2 | Killed an ancient lich
 62397 | Depths:2 | Found a broken altar of Ashenzari.
 62433 | Depths:2 | Found a one-way gate to the infinite horrors of the Abyss.
 62762 | Depths:2 | Found a one-way gate leading to the halls of Pandemonium.
 62998 | Depths:2 | Found a radiant altar of Vehumet.
 63315 | Depths:3 | Noticed Parghit
 63323 | Depths:3 | Killed Parghit
 63324 | Depths:3 | Reached skill level 25 in Armour
 63485 | Depths:3 | Found a one-way gateway to a ziggurat.
 63485 | Depths:3 | Noticed a dread lich
 63503 | Depths:3 | Found a runed translucent door.
 63504 | Depths:3 | Noticed a caustic shrike
 63987 | Depths:3 | Found Fekec's Weapon Boutique.
 64133 | Depths:3 | Identified the +4 battleaxe of Outrage {flame, rC+ Str+2
                  | Dex+6} (Trog gifted it to you on level 3 of the Depths)
 64133 | Depths:3 | Received a gift from Trog
 64921 | Depths:3 | Found a runed translucent door.
 64932 | Depths:3 | Killed a caustic shrike
 64947 | Depths:3 | Noticed a caustic shrike
 65018 | Depths:3 | Reached XP level 24. HP: 237/237 MP: 22/22
 65526 | Depths:3 | Found a one-way gateway to a ziggurat.
 65730 | Depths:3 | Found Fekec's Weapon Boutique.
 66101 | Depths:4 | Entered Level 4 of the Depths
 66102 | Depths:4 | Found an ornate altar of the Wu Jian Council.
 66289 | Depths:4 | Found an opulent altar of Gozag.
 66430 | Depths:4 | Found a gate to the Realm of Zot.
 67494 | Crypt:1  | Entered Level 1 of the Crypt
 68174 | Crypt:1  | Found a runed translucent gate.
 68174 | Crypt:1  | Found a runed translucent gate.
 68174 | Crypt:1  | Found a runed translucent gate.
 68178 | Crypt:1  | Noticed Jetyrhek's ghost (veteran GrEE)
 68216 | Crypt:1  | Identified the +2 robe of Qazlal's Approval {rPois rF+ rC-
                  | Int+2}
 68681 | Crypt:1  | Killed Jetyrhek's ghost
 68686 | Crypt:1  | Received a gift from Trog
 68696 | Crypt:1  | Identified the +2 helmet "Edulunah" {Fly rN+}
 69430 | Crypt:2  | Received a gift from Trog
 69432 | Crypt:2  | Reached skill level 26 in Armour
 69692 | Crypt:3  | Entered Level 3 of the Crypt
 69843 | Crypt:3  | Found a staircase to the Tomb.
 70555 | Crypt:3  | Found a basalt altar of Yredelemnul.
 70994 | Crypt:3  | Reached XP level 25. HP: 247/247 MP: 22/22
 71044 | Crypt:3  | Noticed an ancient lich
 71052 | Crypt:3  | Killed an ancient lich
 71138 | Crypt:3  | Identified the +2 leather armour of Demons {rCorr Dex-4
                  | SInv}
 71140 | Crypt:3  | Identified the +6 quarterstaff "Sobesy" {holy, Will++
                  | Int+4}
 71144 | Crypt:3  | Identified the ring "Ezxircho" {rElec rF+ rC- Str+3 Int+6}
 71381 | Crypt:3  | Found a basalt altar of Yredelemnul.
 71499 | Crypt:3  | Found a staircase to the Tomb.
 71961 | Vaults:2 | Received a gift from Trog
 72123 | Hell     | Entered the Vestibule of Hell
 72187 | Depths:3 | Killed a dread lich
 72537 | Tomb:1   | Entered Level 1 of the Tomb of the Ancients
 73554 | Tomb:1   | Noticed a royal mummy
 74295 | Tomb:1   | Received a gift from Trog
 77212 | Tomb:1   | Killed a royal mummy
 77212 | Tomb:1   | Noticed a royal mummy
 77308 | Tomb:1   | Glimpsed the power of Zot.
 77850 | Hell     | Noticed Geryon
 77874 | Hell     | Killed Geryon
 78338 | Hell     | Found a gateway to the ashen valley of Gehenna.
 78433 | Hell     | Found a gateway to the Iron City of Dis.
 78498 | Hell     | Found a gateway to the freezing wastes of Cocytus.
 78615 | Hell     | Found a gateway to the decaying netherworld of Tartarus.
 78804 | Geh:1    | Entered Level 1 of Gehenna
 78911 | Geh:1    | Received a gift from Trog
 80573 | Hell     | Found a gateway to the decaying netherworld of Tartarus.
 80660 | Hell     | Found a gateway to the Iron City of Dis.
 80774 | Hell     | Found a gateway to the freezing wastes of Cocytus.
 80913 | Geh:2    | Lost intelligence.
 81835 | Geh:3    | Found a runed translucent gate.
 81835 | Geh:3    | Found a runed translucent gate.
 81835 | Geh:3    | Found a runed translucent gate.
 81835 | Geh:3    | Found a runed translucent gate.
 81836 | Geh:3    | Found a runed translucent gate.
 81836 | Geh:3    | Found a runed translucent gate.
 81837 | Geh:3    | Found a runed translucent gate.
 81837 | Geh:3    | Found a runed translucent gate.
 81837 | Geh:3    | Found a runed translucent gate.
 81838 | Geh:3    | Found a runed translucent gate.
 81838 | Geh:3    | Found a runed translucent gate.
 81838 | Geh:3    | Found a runed translucent gate.
 83552 | Geh:5    | Reached XP level 26. HP: 133/246 MP: 22/22
 83652 | Geh:5    | Received a gift from Trog
 84077 | Geh:6    | HP: 19/387 [searing wretch (8)]
 84078 | Geh:6    | Reached skill level 27 in Armour
 84078 | Geh:6    | HP: 4/387 [hellephant/blast of flame (12)]
 84079 | Geh:6    | Killed from afar by a hell hog

Illustrated notes

Levels and vault maps discovered:
D:1:      saegor_arrival_under_anarchy, layout_loops_corners,
          minmay_close_crescents
D:2:      layout_rooms, nicolae_ecumenical_lake_church, minmay_unequal
D:3:      layout_rooms, nicolae_tso_swordbearing_angel, portal_sewer_entry_b
D:4:      layout_basic, minmay_rat_hole, uniq_robin
D:5:      layout_cave_pools, zin_academy, minmay_crystal_room, uniq_edmund
D:6:      layout_basic, nicolae_overflow_hidden_temple, minitemple,
          slow_altar_1, minivault_22, uniq_menkaure, uniq_duvessa, uniq_pikel
D:7:      layout_basic, lemuel_crystal_altar, nicolae_qazlal_beasts_of_the_sky,
          minmay_temple_entry_grid, minivault_23
D:8:      layout_loops_cross, lemuel_tele_altar, minmay_lair_entry_grove,
          nicolae_shop_national_dungeon_mall, minmay_misc_feat_pillars,
          kennysheep_generic_room_13, uniq_grum
D:9:      layout_long_grid, mainiacjoe_overflow_surrounded_room, serial_shops,
          kennysheep_little_box, mrwooster_statue_mirror, kennysheep_nub,
          uniq_maggie
D:10:     layout_rooms, kennysheep_mini, uniq_josephine
D:11:     minmay_coctagon, layout_loops_ring, serial_shops,
          nicolae_shop_tiny_waterfront, small_statue_alley_a, solitary_fountain,
          trog_butcher_becter, uniq_lodul, uniq_erolcha
D:12:     layout_irregular_city, zombieorc2_lemuel,
          maelrawn_ghost_gauntlet_escape,
          nicolae_uskayaw_murder_on_the_dancefloor
D:13:     lemuel_ice_statue, layout_stronghold
D:14:     layout_cave_pools, grunt_vaults_entry_fortified, hangedman_decor_push,
          nicolae_ru_great_annihilating_truth
D:15:     gammafunk_enter_depths_forms, layout_rooms, okawaru_trees_2,
          amethyst_killhole, minivault_5, kb_rosetta
Lair:1:   layout_small_grid, basic_altar, serial_bayou_shore_a,
          lemuel_fruit_fields
Lair:2:   layout_gridlike, minmay_shoals_entry_centaurs,
          guppyfry_snake_entry_garden
Lair:3:   layout_concentric_octagons, kennysheep_basilisk_garden, uniq_sonja
Lair:4:   layout_regular_city, slime_entry_1, nicolae_volcano_entry_hallway,
          gammafunk_ghost_hive, infiniplex_staircase_pool, serial_bayou_shore_b,
          uniq_rupert
Lair:5:   gammafunk_lair_ancient_temple, layout_cave_pods,
          portal_ice_cave_entry_ice_simulacra, special_room
          [special_room_mythical_zoo], st_stairs_7
Shoals:1: layout_shoals, nicolae_shoals_secluded_bog
Shoals:2: nicolae_shoals_island_circles, layout_shoals
Shoals:3: layout_shoals, uniq_ilsuiw
Shoals:4: shoals_end_grunt_ice, layout_shoals, shoals_ilsuiw_ice,
          ebering_ghost_gozag
Snake:1:  layout_cave_pods, serial_bayou_shore_b, grunt_megastairs_5
Snake:2:  layout_misc_corridors, serial_shops, bzr_entry_lakeside,
          nicolae_stop_n_shop_1, nicolae_shop_advertising_works
          [nicolae_subvault_shop_adworks], nicolae_shop_hallway_stairs,
          gammafunk_ghost_cemetery, grunt_megastairs_1, uniq_vashnia
Snake:3:  layout_cave_town, st_stairs_6, hangedman_snake_corridor_cut,
          lemuel_fruit_tree, serial_bayou_shore_b, uniq_nikola
Snake:4:  snake_pit_salamanders_mu, layout_chambers, serial_shops,
          nicolae_shop_stone, drop_trap, uniq_mara, uniq_aizul
Orc:1:    layout_caves, nicolae_orc_bridge_out
Orc:2:    st_orc_town, layout_caves, david_defended_altar_orc, uniq_snorg,
          uniq_urug
Elf:1:    minmay_elf_arrival_plus, layout_loops_ring, serial_shops, shop,
          minmay_elf_sorcery, uniq_asterion
Elf:2:    elven_hall_of_blades_hangedman_original [mumra_blade_entry_bloodbath],
          layout_geoelf_diagonals, serial_shops, shop, minivault_20
Elf:3:    minmay_elf_hall_furrowed, layout_loops_corners, serial_shops,
          nicolae_shop_statue_plus, abandoned_shop,
          amcnicky_mini_corridor_feature
Vaults:1: nicolae_vaults_storage_closets_3, vaults_room_large_hall,
          nicolae_vaults_minivaults, hangedman_vaults_slice,
          nicolae_vaults_closet_pinwheel_4, nicolae_vaults_closet_pinwheel_4,
          vaults_dpeg_ring, ontoclasm_vaults_pinch, vaults_mumra_hex,
          nicolae_vaults_more_shelving_1, nicolae_vaults_house_2,
          layout_vaults_big_room
Vaults:2: ontoclasm_vaults_ring_small, nicolae_vaults_double_plus_2,
          ontoclasm_vaults_twist, nicolae_vaults_three_branches, v_pattern_1,
          v_misc_12, hangedman_vaults_restitches, hangedman_vaults_hat,
          nicolae_vaults_theta, nicolae_vaults_wine_cellar, layout_vaults_maze,
          serial_shops, nicolae_shop_hallway_stairs,
          nicolae_shop_back_alley_shop, nicolae_shop_scrapyard,
          nicolae_shop_window_shopping, shop, uniq_boris, uniq_jory, uniq_sojobo
Vaults:3: vaults_dpeg_encased_lava, nicolae_vaults_trapezoid_1, v_misc_4,
          v_misc_27, minmay_crypt_entry_nasty_monster, nicolae_vaults_alarming,
          v_misc_8, hangedman_vaults_locks, hangedman_vaults_cutoff,
          nicolae_vaults_double_plus_2, vaults_room_pool,
          nicolae_vaults_little_squares_5, nicolae_vaults_layer_cake_slice,
          nicolae_vaults_twisting_passages, layout_vaults_big_cross,
          serial_shops, nicolae_shop_hallway_stairs
Vaults:4: vaults_mumra_chevron_long, nicolae_vaults_big_angled_halls,
          vaults_dpeg_hooks, nicolae_vaults_little_squares_1, v_misc_23,
          nicolae_vaults_asterisk, vaults_room_fancy_cross, v_pattern_2,
          v_alt_pattern_6, hangedman_vaults_stretched_pinwheel, v_misc_33,
          vaults_room_stairs_pillars, layout_vaults_ring, uniq_frederick
Vaults:5: serial_shops, uniq_bai_suzhen
Crypt:1:  layout_gridlike, gammafunk_ghost_split, st_stairs_8,
          serial_sigils_hangedman_snap, grunt_ministairs_2
Crypt:2:  layout_catacombs
Crypt:3:  david_glass_crypt, layout_basic, tomb_entry_simple_bobbens,
          basic_altar
Tomb:1
Depths:1: layout_gridville, grunt_dithmenos_smoke_and_mirrors, hell_entry,
          nicolae_kite_square_tiling_tiny, kennysheep_boxes
Depths:2: evilmike_halls_of_destruction, layout_basic,
          ashenzari_conservatory_becter, mu_enter_wizlab_2,
          hangedman_coc_ice_floe, abyss_entry_small_statue_room,
          rand_demon_pan_entry_1
Depths:3: minmay_expanding_circles, layout_gridlike, enter_ziggurat_c,
          rand_demon_pan_entry_3, grunt_hell_entry_dis_grunt, serial_shops,
          nicolae_shop_crystal, minmay_misc_feat_square, abyss_entry, drop_trap,
          serial_bayou_shore_b, uniq_parghit, uniq_margery
Depths:4: grunt_zot_entry_tricorne, layout_gridlike, old_standard_altar,
          abyss_entry, pf_hell_entry_great_geh, nicolae_gozag_seed_capital
Hell
Geh:1:    layout_gehenna_pools_basic
Geh:2:    layout_gehenna_lava_caves
Geh:3:    layout_gehenna_pools_triple, nicolae_geh_backdraft
Geh:4:    layout_gehenna_lava_caves
Geh:5:    layout_gehenna_lava_caves
Geh:6:    layout_gehenna_pools_triple

Skill      XL: |  1  2  3  4  5  6  7  8  9 10 11 12 13 14 15 16 17 18 19 20 21 22 23 24 25 26 |
---------------+-------------------------------------------------------------------------------+-----
Fighting       | 4 5 6 8 9 10 12 13 14 15 16 17 18 19 20 21 22 23 24 25 | 25.0
Axes           | 4 5 6 7 9 10 12 13 14 15 16 17 18 19 20 21 22 23 24 25 | 25.7
Armour         | 3 4 5 6 7 9 10 12 14 16 18 19 20 21 22 23 24 25 26 27 | 27.0
Dodging        | 3 4 5 6 8 9 11 12 13 14 15 16 17 18 19 20 22 23 24 25 | 25.0
Shields        | 5 7 10 11 13 14 15 16 17 18 20 21 22 23 | 23.3
Ranged Weapons | 4 7 9 10 13 | 13.7

Action                     |  1- 3 |  4- 6 |  7- 9 | 10-12 | 13-15 | 16-18 | 19-21 | 22-24 | 25-27 || total
---------------------------+-------+-------+-------+-------+-------+-------+-------+-------+-------++-------
  Melee: Hand axe          |    63 |   127 |   197 |    17 |       |       |       |       |       ||   404
         Headbutt          |     6 |     7 |    42 |    38 |   126 |   144 |   203 |   335 |   104 ||  1005
         Punch             |       |       |     2 |       |       |       |       |       |       ||     2
         Executioner's axe |       |       |       |   148 |       |    38 |    16 |     8 |    22 ||   232
         Broad axe         |       |       |       |   103 |   625 |   628 |   678 |  1046 |   355 ||  3435
         Whip              |       |       |       |       |    26 |       |       |       |       ||    26
   Fire: Heavy crossbow    |       |       |       |       |       |   224 |   139 |    70 |    89 ||   522
  Throw: Boomerang         |       |       |     2 |     3 |       |    18 |     6 |       |       ||    29
         Javelin           |       |       |       |       |       |       |     4 |     5 |    25 ||    34
 Invoke: Berserk           |       |     1 |     5 |     9 |    11 |    11 |     6 |    14 |    10 ||    67
         Trog's Hand       |       |       |       |     3 |     2 |     7 |     7 |     6 |     1 ||    26
         Brothers in Arms  |       |       |       |     2 |     2 |     5 |     4 |     6 |     1 ||    20
  Evoke: Wand              |       |       |       |       |       |       |       |     1 |     2 ||     3
    Use: Scroll            |     1 |     5 |       |     3 |    20 |     3 |     3 |     5 |     3 ||    43
         Potion            |       |       |       |       |       |       |     1 |     1 |     2 ||     4
   Stab: Paralysed         |       |       |       |       |     1 |       |       |       |       ||     1
         Distracted        |       |       |       |       |       |     1 |     1 |       |     1 ||     3
 Armour: Animal skin       |     7 |       |       |       |       |       |       |       |       ||     7
         Ring mail         |    11 |     1 |       |       |       |       |       |       |       ||    12
         Chain mail        |       |   109 |   116 |   155 |    77 |       |       |       |       ||   457
         Plate armour      |       |       |       |       |   259 |   443 |   280 |   381 |   219 ||  1582
  Dodge: Dodged            |    58 |   114 |   140 |   196 |   299 |   476 |   309 |   436 |   209 ||  2237
  Block: Other             |       |       |     9 |    69 |       |    76 |    17 |     3 |    26 ||   200
         Kite shield       |       |       |       |    54 |   619 |   463 |       |       |       ||  1136
         Reflection        |       |       |       |     2 |    50 |   101 |    81 |    38 |     4 ||   276
         Tower shield      |       |       |       |       |       |   203 |   855 |  1246 |   435 ||  2739
